 Dungeon Crawl Stone Soup version 0.30-a0-12-gd8047c6341 (console) character file.

Game seed: 9590729431250488530

2817 capslocke the Skirmisher (level 9, -4/56 HPs)
             Began as a Tengu Hunter on Aug 24, 2022.
             Slain by a hornet (7 damage)
             ... while paralysed by a hornet
             ... on level 7 of the Dungeon.
             The game lasted 00:20:34 (7311 turns).

capslocke the Skirmisher (Tengu Hunter)             Turns: 7311, Time: 00:20:35

Health: -4/56      AC:  8    Str: 12    XL:     9   Next: 72%
Magic:  10/10      EV:  2    Int:  9    God:
Gold:   639        SH:  0    Dex: 28    Spells: 8/8 levels left

rFire   . . .      SeeInvis .    a - +0 shortbow
rCold   + . .      Faith    .    (shield currently unavailable)
rNeg    . . .      Spirit   .    G - +3 ring mail "Astruash" {rC+ Will+}
rPois   .          Reflect  .    (helmet restricted)
rElec   .          Harm     .    (no cloak)
rCorr   .          Rampage  .    (no gloves)
Will    +....                    (boots unavailable)
Stlth   ++........               (no amulet)
HPRegen 0.18/turn                z - +6 ring of dexterity
MPRegen 0.12/turn                (no ring)

@: paralysed, flying quickly and evasively, slowed, quick
A: beak, talons 3, nimble flight
a: no special abilities


You were on level 7 of the Dungeon.
You visited 1 branch of the dungeon, and saw 7 of its levels.
You also visited: Ossuary.

You collected 783 gold pieces.
You spent 144 gold pieces at shops.

Inventory:

Hand Weapons
 a - a +0 shortbow (weapon)
 d - a +2 vampiric short sword
Missiles
 n - a boomerang of dispersal
 y - 4 boomerangs
 B - 3 datura-tipped darts
Armour
 c - a +0 leather armour
 j - a scarf of shadows
 G - the +3 ring mail "Astruash" (worn) {rC+ Will+}
   (You bought it in a shop on level 5 of the Dungeon)

   rC:        It protects you from cold.
   Will:      It increases your willpower.
Magical Staves
 i - a staff of poison
Jewellery
 z - a +6 ring of dexterity (left hand)
Wands
 E - a wand of roots (9)
 F - a wand of quicksilver (10)
 H - a wand of flame (15)
Scrolls
 b - 2 scrolls of immolation
 e - 2 scrolls of enchant armour {unknown}
 g - 2 scrolls of enchant weapon {unknown}
 l - 2 scrolls of poison {unknown}
 m - 6 scrolls of identify
 o - 2 scrolls of teleportation
 q - a scroll of silence {unknown}
 s - 2 scrolls of vulnerability {unknown}
 t - a scroll of noise {unknown}
 u - a scroll of fear {unknown}
 A - a scroll of magic mapping {unknown}
Potions
 f - a potion of ambrosia {unknown}
 h - 2 potions of degeneration {unknown}
 k - 2 potions of invisibility {unknown}
 p - a potion of flight {unknown}
 r - 2 potions of berserk rage {unknown}
 v - 2 potions of curing
 w - 2 potions of magic {unknown}
 x - 2 potions of lignification {unknown}
 C - a potion of resistance {unknown}
 D - 2 potions of attraction {unknown}


   Skills:
 + Level 6.4 Fighting
 + Level 0.5 Short Blades
 + Level 12.6 Ranged Weapons
 - Level 1.1 Armour
 + Level 3.6 Dodging
 + Level 1.8 Stealth
 + Level 1.0 Evocations


You had 8 spell levels left.
You didn't know any spells.
Your spell library contained the following spells:

 Spells                   Type           Power      Damage    Failure   Level
 Sting                    Tmut/Pois      0%         1d3       67%         1
 Poisonous Vapours        Pois/Air       0%         N/A       80%         2
 Sublimation of Blood     Necr           0%         N/A       80%         2
 Olgreb's Toxic Radiance  Pois           0%         N/A       100%        4
 Petrify                  Tmut/Erth      0%         N/A       100%        4
 Irradiate                Conj/Tmut      0%         3d11      100%        5


Dungeon Overview and Level Annotations

Branches:
Dungeon (7/15)            Ossuary (visited)
 Temple: D:4-7

Altars:
Kikubaaqudgha
Qazlal
Zin

Shops:
D:5 *


Innate Abilities, Weirdness & Mutations

You have a beak for a mouth.
You have claws for feet.
Your magical nature lets you fly swiftly and evasively.


Message History

The orc priest is severely wounded.
The orc priest hits you but does no damage.
You shoot an arrow. The arrow hits the orc priest.
The orc priest is almost dead.
The orc priest miscasts a cantrip.
You shoot an arrow. The arrow hits the orc priest!
You kill the orc priest!
You shoot an arrow. The arrow hits the orc!
You kill the orc!
No target in view!
No target in view!
You start resting.
A hornet comes into view.
You shoot an arrow. The hornet buzzes angrily.
The arrow hits the hornet but does no damage.
You shoot an arrow. The arrow closely misses the hornet.
You shoot an arrow. The arrow misses the hornet.
You shoot an arrow.
The arrow hits the hornet but does no damage.
You shoot an arrow. The arrow closely misses the hornet.
The hornet closely misses you.
A scorpion comes into view.
The hornet stings you!
You feel yourself slow down.
You shoot an arrow. The arrow misses the hornet.
You feel yourself speed up.
The hornet stings you but does no damage.
The hornet completely misses you.
You shoot an arrow. The arrow hits the hornet!
The hornet is moderately wounded.
The hornet completely misses you.
You shoot an arrow. The arrow closely misses the hornet.
The hornet stings you!
You suddenly lose the ability to move!
The hornet stings you!
You feel yourself slow down.
You feel yourself speed up. The hornet completely misses you.
The hornet stings you!
* * * LOW HITPOINT WARNING * * *
You feel yourself slow down. The hornet stings you!
You die...

..###.....# #.#.. ...#
#.#.###.## # #........#
# #.#.###..##########
.#####.#.# #............
......s..###..##########
###...y.......#
#####@#####.# #)# #.#
#.# #.# #...)# #.#
#y##.# #.# #y ### #. #.
.


You could see a hornet and a scorpion.

Vanquished Creatures
  Duvessa (D:5)
  2 orc warriors (D:6)
  3 black bears
  An ogre (D:4)
  A centaur (D:5)
  2 phantoms (D:4)
  4 elf zombies (Ossuary)
  3 necrophages
  A scorpion (D:4)
  Dowan (D:5)
  6 killer bees (D:7)
  A howler monkey (D:6)
  5 hounds
  A human zombie (Ossuary)
  3 centaur zombies (Ossuary)
  A jelly (D:5)
  3 orc priests
  A gnoll bouda (D:6)
  Jessica (D:2)
  5 iguanas
  7 orc wizards
  3 mummies
  3 gnolls (D:6)
  8 adders
  A white imp (D:7)
  4 ufetubi
  2 worms
  2 dart slugs
  17 orcs
  5 bats
  13 endoplasms
  4 giant cockroaches
  9 goblins
  12 hobgoblins
  4 jackals (D:2)
  3 quokkas
  9 ball pythons
  6 frilled lizards
  9 hobgoblin zombies (Ossuary)
  A jackal zombie (Ossuary)
  10 kobolds
  9 kobold zombies (Ossuary)
  9 orc zombies (Ossuary)
  4 rats (D:1)
  2 rat zombies (D:4)
202 creatures vanquished.

Notes
Turn   | Place    | Note
-------+----------+-------------------------------------------
     0 | D:1      | capslocke the Tengu Hunter began the quest for the Orb.
     0 | D:1      | Reached XP level 1. HP: 12/12 MP: 2/2
   195 | D:1      | Reached XP level 2. HP: 17/17 MP: 3/3
   220 | D:1      | Noticed a floating eye
   223 | D:1      | Noticed a shining eye
   226 | D:1      | Found a faded altar of an unknown god.
   228 | D:1      | Noticed an eye of devastation
   228 | D:1      | Noticed a shining eye
   395 | D:1      | Reached skill level 5 in Ranged Weapons
   610 | D:1      | Reached XP level 3. HP: 21/21 MP: 4/4
   997 | D:2      | Noticed Jessica
  1006 | D:2      | Killed Jessica
  1006 | D:2      | HP: 1/22 [kobold/+0 club (2)]
  1007 | D:2      | Reached XP level 4. HP: 1/27 MP: 5/5
  1304 | D:2      | Reached skill level 1 in Armour
  1336 | D:2      | Gained mutation: Your magical nature lets you fly swiftly
                  | and evasively. [Tengu growth]
  1336 | D:2      | Reached XP level 5. HP: 31/32 MP: 6/6
  1372 | D:2      | Reached skill level 6 in Ranged Weapons
  1816 | D:3      | Found a glowing silver altar of Zin.
  1904 | D:3      | Found a stormy altar of Qazlal.
  2338 | D:4      | Reached XP level 6. HP: 30/37 MP: 7/7
  2544 | D:4      | Reached skill level 7 in Ranged Weapons
  2585 | D:4      | Found an ancient bone altar of Kikubaaqudgha.
  2684 | D:4      | Found a sand-covered staircase.
  2717 | Ossuary  | Entered an ossuary
  2860 | Ossuary  | Reached XP level 7. HP: 34/42 MP: 8/8
  2875 | Ossuary  | Reached skill level 8 in Ranged Weapons
  3347 | D:4      | Reached skill level 9 in Ranged Weapons
  3347 | D:4      | Reached XP level 8. HP: 24/48 MP: 9/9
  4582 | D:4      | HP: 1/48 [orc warrior/+0 long sword (16)]
  4895 | D:5      | Entered Level 5 of the Dungeon
  4901 | D:5      | Reached skill level 10 in Ranged Weapons
  4906 | D:5      | Reached skill level 5 in Fighting
  5290 | D:5      | Found Ywann's Assorted Antiques.
  5300 | D:5      | Noticed Duvessa
  5301 | D:5      | Noticed Dowan
  5574 | D:5      | Killed Duvessa
  5594 | D:5      | Killed Dowan
  5595 | D:5      | Reached skill level 11 in Ranged Weapons
  5636 | D:5      | Reached XP level 9. HP: 40/54 MP: 10/10
  5731 | D:5      | Bought a smouldering ring mail for 144 gold pieces
  5731 | D:5      | Identified the +3 ring mail "Astruash" {rC+ Will+} (You
                  | bought it in a shop on level 5 of the Dungeon)
  6724 | D:6      | Reached skill level 12 in Ranged Weapons
  7263 | D:7      | Reached skill level 1 in Evocations
  7301 | D:7      | Noticed a hornet
  7309 | D:7      | Paralysed by a hornet for 3 turns
  7311 | D:7      | Slain by a hornet

Illustrated notes

Levels and vault maps discovered:
D:1:      dpeg_arrival_boxorama, layout_basic,
          hellmonk_ecumenical_altar_watching_god, minmay_indecisive_spiral
D:2:      layout_rooms, minivault_25, uniq_jessica
D:3:      layout_basic, zin_statuary, old_standard_altar,
          grunt_decor_mini_mirrors
D:4:      minmay_polygon_palace, layout_gridville,
          lemuel_zombie_altar_kikubaaqudgha, gup_ossuary_entry_pyramid,
          chequers_decorated_corner
D:5:      dreamdust_elfheim, layout_basic, serial_shops, shop,
          corexii_leaking_fountain, uniq_duvessa
D:6:      layout_basic, nicolae_sextant
D:7:      layout_loops_ring, jmf_multi_god_temple, lemuel_round_altar,
          minmay_temple_entry_fiery, sigmund_army, uniq_crazy_yiuf_cottage

Skill      XL: |  1  2  3  4  5  6  7  8  9 |
---------------+----------------------------+-----
Ranged Weapons | 5 6 7 9 11 12 | 12.6
Armour         | 1 |  1.1
Fighting       | 3 4 5 6 |  6.4
Dodging        | 3 |  3.6
Evocations     | 1 |  1.0
Short Blades   | |  0.5
Stealth        | |  1.8

Action                   |  1- 3 |  4- 6 |  7- 9 || total
-------------------------+-------+-------+-------++-------
Melee: Short sword       |    10 |     2 |       ||    12
       Peck              |     2 |       |       ||     2
       Kick              |       |     1 |       ||     1
 Fire: Shortbow          |    85 |   179 |   435 ||   699
Evoke: Wand              |       |       |     2 ||     2
  Use: Scroll            |       |       |     3 ||     3
Armor: Leather armour    |    15 |    11 |    19 ||    45
       Ring mail         |       |       |    17 ||    17
Dodge: Dodged            |    30 |    53 |   163 ||   246

Table legend: (Time is in decaauts)
 A = Elapsed time spent in this place.
 B = Non-inter-level travel time spent in this place.
 C = Inter-level travel time spent in this place.
 D = Time resting spent in this place.
 E = Time spent auto-exploring this place.
 F = Levels seen in this place.
 G = Mean time per level.
                   A        B        C        D        E       F      G
               +--------+--------+--------+--------+--------+-----+--------+
         Total |   7072 |   6781 |    291 |   1806 |   3528 |   8 |  884.0 |
       Dungeon |   6476 |   6185 |    291 |   1631 |   3453 |   7 |  925.1 |
       Ossuary |    596 |    596 |      0 |    175 |     75 |   1 |  596.0 |
               +--------+--------+--------+--------+--------+-----+--------+

Top non-repeatable levels by time:
     D:4: 1904 daAuts
     D:5: 978 daAuts
     D:6: 975 daAuts
     D:1: 937 daAuts
     D:3: 841 daAuts
     D:2: 731 daAuts
 Ossuary: 596 daAuts
     D:7: 106 daAuts
